Map: Acropolis LE

Players

Astrea

  • Race: Protoss Protoss
  • Spawn Location: 5:00

TIME (Oliveira) - Winner!

  • Race: Terran Terran
  • Spawn Location: 11:00

VOD

Have the link to the VOD?

Description

Time

  • Played on: Sept. 7, 2019, 4:10 p.m.
  • Length: 7:52
Show
View Real Time Build Order
Export as new Build Order

Astrea Protoss 

Build Orders: 1 Gate Expand, Phoenix Opening, Blink Stalkers, Chargelot Immortal 

Get SALT Encoding   

  12  0:00  Probe  
  13  0:12  Probe  
  14  0:17  Pylon  
  14  0:23  Probe  
  15  0:31  Probe  
  16  0:37  Gateway  
  16  0:39  Probe  
  16  0:46  Assimilator  
  17  0:51  Probe  
  18  1:03  Probe  
  19  1:15  Probe  
  20  1:21  Nexus  
  20  1:31  Cybernetics Core  
  20  1:34  Probe  
  21  1:40  Assimilator  
  21  1:46  Probe  
  22  1:49  Pylon  
  22  1:58  Probe, Stalker  
  23  2:09  Warp Gate, Probe  
  26  2:17  Probe  
  27  2:27  Probe  
  27  2:28  Sentry  
  29  2:30  Probe  
  31  2:38  Probe  
  31  2:39  Probe  
  31  2:41  Twilight Council  
  33  2:47  Probe  
  33  2:48  Blink  
  33  2:51  Probe  
  35  2:54  Gateway  
  35  2:57  Stalker  
  37  2:59  Probe  
  37  3:01  Phoenix  
  37  3:03  Probe  
  39  3:07  Pylon  
  39  3:12  Probe  
  40  3:15  Probe  
  41  3:24  Probe  
  42  3:28  Probe  
  42  3:29  Stalker  
  45  3:36  Probe  
  45  3:40  Probe  
  47  3:48  Probe, Nexus  
  48  3:52  Probe  
  49  3:57  Pylon  
  49  3:58  Robotics Facility  
  49  4:00  Probe  
  50  4:05  Probe  
  50  4:08  Assimilator, Stalker  
  53  4:13  Probe  
  53  4:16  Pylon, Stalker  
  56  4:19  Probe  
  57  4:25  Probe  
  59  4:31  Probe  
  59  4:37  Probe  
  60  4:39  Observer  
  60  4:40  Gateway  
  60  4:42  Stalker x2  
  60  4:43  Probe  
  65  4:49  Probe  
  67  4:55  Probe  
  67  4:57  Charge  
  67  4:58  Observer, Pylon  
  68  5:00  Forge  
  68  5:02  Probe x2  
  68  5:04  Protoss Ground Armor Level 1  
  71  5:07  Probe  
  71  5:14  Probe x2  
  73  5:16  Gateway  
  73  5:19  Gateway x2, Probe  
  75  5:23  Immortal  
  75  5:27  Pylon, Probe x2  
  81  5:31  Observer  
  81  5:38  Gateway  
  81  5:41  Gateway, Probe x2  
  83  5:46  Zealot x2, Sentry  
  83  5:47  Probe  
  90  5:50  Pylon  
  90  5:52  Pylon  
  90  5:53  Probe  
  90  5:55  Assimilator  
  91  5:57  Assimilator  
  91  5:59  Immortal  
  95  6:06  Pylon  
  95  6:09  Shield Battery  
  95  6:13  Zealot x4  
  103  6:22  Probe x2  
  103  6:23  Zealot  
  103  6:25  Zealot  
  109  6:29  Pylon  
  109  6:34  Pylon  
  109  6:36  Zealot x2  
  109  6:37  Zealot x4  
  119  6:40  Immortal  
  119  6:47  Zealot  
  119  6:48  Zealot  
  119  6:53  Pylon x2  
  127  6:56  Shield Battery  
  127  7:00  Templar Archives  
  125  7:02  Sentry x2  
  125  7:03  Sentry x3  
  133  7:10  Immortal, Zealot x3  
  74  7:26  Stalker x3  
  68  7:30  Zealot x2  
  68  7:36  Zealot  
  72  7:37  Zealot  
  72  7:40  Zealot  
Show
View Real Time Build Order
Export as new Build Order

TIME Terran - Winner!

Build Orders: Reaper Expand 

Get SALT Encoding   

  12  0:00  SCV  
  13  0:13  SCV  
  14  0:17  Supply Depot  
  14  0:25  SCV  
  15  0:38  SCV  
  15  0:40  Barracks  
  16  0:43  Refinery  
  16  0:51  SCV  
  17  1:03  SCV  
  18  1:15  SCV  
  19  1:28  Orbital Command, Reaper  
  20  1:38  Command Center  
  20  1:44  Refinery  
  20  1:53  SCV  
  21  1:55  Supply Depot  
  21  2:01  Barracks Reactor  
  21  2:05  SCV  
  22  2:17  SCV  
  22  2:18  Factory  
  23  2:29  SCV  
  24  2:38  Marine x2  
  24  2:41  SCV  
  27  2:50  Orbital Command  
  27  2:54  SCV  
  27  2:55  Marine  
  27  2:56  Marine  
  30  3:03  Starport, Factory Tech Lab  
  30  3:06  SCV  
  31  3:13  Marine x2  
  31  3:15  SCV  
  31  3:18  SCV  
  35  3:27  SCV  
  35  3:30  SCV  
  35  3:31  Supply Depot, Marine x2, Factory Tech Lab  
  39  3:40  Barracks, SCV  
  40  3:42  SCV  
  40  3:45  Raven  
  43  3:50  Siege Tank  
  43  3:53  Marine x2  
  43  3:54  Supply Depot, SCV  
  49  3:56  SCV  
  49  3:58  Refinery  
  50  4:06  SCV  
  50  4:08  SCV  
  52  4:10  Marine x2  
  52  4:16  Supply Depot  
  54  4:18  SCV  
  54  4:20  SCV  
  56  4:25  Siege Tank  
  56  4:29  Barracks  
  56  4:30  SCV  
  60  4:32  SCV  
  60  4:33  Engineering Bay  
  60  4:35  Stimpack, Marine  
  60  4:36  Marine  
  62  4:39  Marine  
  62  4:42  Starport Reactor  
  62  4:43  SCV  
  62  4:44  SCV  
  65  4:49  Supply Depot, Refinery  
  65  4:55  Supply Depot, Marine x2, SCV  
  65  4:57  SCV  
  69  5:00  Terran Infantry Weapons Level 1  
  69  5:06  Marine  
  70  5:11  Siege Tank, SCV  
  70  5:12  Supply Depot  
  70  5:13  Marine  
  70  5:14  SCV  
  76  5:17  Barracks Tech Lab  
  77  5:23  Marine  
  77  5:25  Supply Depot  
  78  5:31  Marine  
  78  5:32  Marine  
  78  5:35  SCV x2  
  81  5:37  Supply Depot, Marauder  
  81  5:38  Combat Shield  
  81  5:42  Marauder  
  85  5:44  Siege Tank  
  85  5:48  Medivac x2  
  85  5:49  Marine  
  93  5:50  Marine  
  93  5:55  Supply Depot  
  94  5:59  Marauder  
  95  6:06  Supply Depot, Marine x2  
  95  6:08  Marine  
  98  6:18  Siege Tank  
  101  6:20  Marauder  
  101  6:24  Marine  
  101  6:25  Concussive Shells, Marine  
  104  6:26  Marine  
  104  6:41  Marauder  
  104  6:42  Marauder  
  104  6:43  Marine  
  104  6:45  Marine  
  107  6:50  Medivac x2  
  111  7:00  Marine  
  112  7:03  Marauder, Marine  
  112  7:04  Marauder  
  90  7:18  Marine  
  90  7:21  Marine  
  75  7:24  Marauder  
  75  7:27  SCV  
  75  7:28  Marine, SCV  
Tags
 
Add a new tag
Caveats
  • Supply blocks, unpowered buildings, or Contaminate may cause inaccurate times.
  • Supply counts are checked every 10 seconds.